AoeStats
← MP

Pilgrims

509967833Analyzed
2v2 RM · 3d ago on Sep 28, 2026· 49m 57s· 4 players
Game mode
Random Map
Map size
Medium (4 player)
Population
200
Speed
Normal
Resources
Standard
Victory
Conquest
Starting age
Dark Age
Ending age
Imperial Age
RankedLock teamsTeams togetherTeam positionsShared explorationLock speedFull tech treeHidden civsTurbo modeCheats
Victory
Defeat
🇺🇸 Romans · United States
1066
+15
🇧🇷 Turks · Brazil
968
+19
1059
-18
🇺🇸 Armenians · United States
1005
-16
connlind
4:08 Loom
14:12 Feudal Age
14:29 Man-at-Arms
16:27 Scale Mail Armor
16:37 Forging
16:20 Horse Collar
16:34 Double-Bit Axe
16:42 Gold Mining
17:03 Long Swordsman
20:22 Arson
22:58 Stone Mining
25:34 Castle Age
26:07 Gambesons
26:25 Squires
25:47 Two-Handed Swordsman
26:34 Heavy Plow
27:09 Bow Saw
29:19 Wheelbarrow
28:30 Town Watch
34:58 Imperial Age
33:54 Hand Cart
33:40 Town Patrol
35:11 Town Patrol
34:34 Pikeman
36:34 Gold Shaft Mining
36:21 Chain Mail Armor
36:42 Iron Casting
37:38 Fletching
41:22 Bloodlines
41:12 Husbandry
40:33 Cavalier
43:03 Light Cavalry
44:20 Capped Ram
45:29 Siege Ram
46:57 Plate Mail Armor
47:27 Blast Furnace
47:48 Champion
ΝΑΥ/ΧΟΣ ΛΥΜΠΕΡΗΣ
11:25 Feudal Age
13:04 Double-Bit Axe
18:05 Castle Age
16:28 Horse Collar
17:15 Gold Mining
17:39 Fishing Lines
18:02 Stone Mining
18:07 Fletching
18:18 Padded Archer Armor
22:27 Heavy Plow
25:51 Bodkin Arrow
28:22 Gold Shaft Mining
28:47 Wheelbarrow
29:09 Town Watch
32:45 Imperial Age
30:02 Loom
30:40 Leather Archer Armor
31:23 Hand Cart
31:09 Town Patrol
31:53 Pikeman
32:34 Squires
32:49 Halberdier
33:53 Bracer
34:24 Ring Archer Armor
35:06 Conscription
35:35 Scale Mail Armor
35:45 Forging
36:46 Chemistry
35:31 Arrowslits
36:07 Ballistics
35:43 Murder Holes
35:58 Masonry
39:57 Bombard Tower
45:51 Thumb Ring
Such_A_Noob
7:52 Loom
8:30 Loom
14:38 Feudal Age
18:35 Castle Age
16:47 Double-Bit Axe
17:10 Scale Barding Armor
17:16 Forging
18:33 Bloodlines
18:16 Fletching
20:31 Husbandry
21:09 Iron Casting
20:55 Chain Barding Armor
21:09 Bodkin Arrow
22:02 Wheelbarrow
24:34 Medium Warships
24:59 Hand Cart
25:24 Town Watch
28:54 Imperial Age
26:51 Scale Mail Armor
29:41 Horse Collar
32:12 Plate Barding Armor
32:00 Town Patrol
36:52 Heavy Scorpion
37:27 Elite Centurion
45:04 Ballistas
MP
7:27 Loom
12:00 Feudal Age
17:38 Castle Age
18:27 Wheelbarrow
19:59 Hand Cart
20:56 Stone Mining
23:18 Horse Collar
24:29 Double-Bit Axe
31:06 Imperial Age
30:12 Gold Mining
30:36 Bow Saw
32:00 Artillery
31:53 Elite Janissary
34:13 Conscription
Connection lost

Rejoining the realm…

Still unreachable

The connection could not be restored.

Session expired

The server has moved on; the page needs a fresh start.